 Dungeon Sprint DCSS version 0.31-a0-986-g5e6e4ef867 (webtiles) character file.

Game seed: 15115080967338440833

623 sircluck the Grappler (level 7, -7/78 HPs)
             Began as a Troll Berserker on Nov 13, 2023.
             Was an Elder of Trog.
             Mangled by a troll (14 damage)
             ... in the Dungeon (Sprint IX: "|||||||||||||||||||||||||||||").
             The game lasted 00:00:59 (164 turns).

sircluck the Grappler (Troll Berserker)              Turns: 164, Time: 00:01:00

Health: -7/78      AC:  5    Str: 28    XL:     7   Next: 22%
Magic:  6/6        EV: 14    Int:  3    God:    Trog [****..]
Gold:   0          SH:  0    Dex: 12    Spells: 6/6 levels left

rFire   . .          .
                       - Unarmed
rCold   . . .        (no shield)
rNeg    . . .        a - +0 animal skin
rPois   .            (helmet restricted)
rElec   .            j - +0 cloak
rCorr   .            (gloves unavailable)
SInv    .            (boots unavailable)
Will    .....        (no amulet)
Stlth   +            k - +3 ring of dexterity
HPRegen 1.13/turn    l - +2 ring of evasion
MPRegen 0.10/turn

%: no teleportation
@: on berserk cooldown, slowed, very slow
A: large, unfitting armour, claws 3, regeneration 1, shaggy fur 1, tough skin 1
a: Renounce Religion, Berserk, Trog's Hand, Brothers in Arms


You were in the Dungeon.
You worshipped Trog.
Trog was greatly pleased with you.
You visited 1 branch

Inventory:

Armour
 a - a +0 animal skin (worn)
 j - a +0 cloak (worn)
Jewellery
 k - a +3 ring of dexterity (left claw)
 l - a +2 ring of evasion (right claw)
Wands
 i - a wand of iceblast (10)
Scrolls
 g - 2 scrolls of blinking
Potions
 b - a potion of invisibility
 c - 3 potions of heal wounds
 d - a potion of haste
 e - 4 potions of magic
 f - a potion of berserk rage
 h - 4 potions of curing


   Skills:
 + Level 7.6 Fighting
 + Level 4.5 Armour
 + Level 7.5 Dodging
 + Level 9.0 Unarmed Combat


You had 6 spell levels left.
You didn't know any spells.
Your spell library was empty.

Dungeon Overview and Level Annotations

Branches:
Dungeon (1/1)

Altars:
Cheibriados
Dithmenos
Elyvilon
Fedhas
Gozag
Hepliaklqana
Kikubaaqudgha
Makhleb
Nemelex Xobeh
Okawaru
Qazlal
Ru
Sif Muna
Trog
Uskayaw
Vehumet
Wu Jian
Xom
Yredelemnul
Zin
The Shining One
Jiyva
Lugonu


Innate Abilities, Weirdness & Mutations

You are too large for most types of armour.
You have claws for hands.
Your natural rate of healing is unusually fast.
You are covered in fur. (AC +1)
You have tough skin. (AC +1)


Message History

The centaur shoots an arrow.
The arrow closely misses you.
Your Armour skill increases to level 4!
Your Dodging skill increases to level 7!
You have reached level 7!
Unknown command.
The centaur unwields a +0 shortbow.
The centaur barely misses you. The centaur completely misses you.
The centaur closely misses you. The centaur kicks you.
* * * LOW HITPOINT WARNING * * *
Unknown command.
You claw the centaur!
The centaur is moderately wounded.
The centaur hits you.
* * * LOW HITPOINT WARNING * * *
The centaur closely misses you. x2
The centaur kicks you but does no damage.
Unknown command.
You claw the centaur!
The centaur is almost dead.
The centaur hits you.
* * * LOW HITPOINT WARNING * * *
The centaur closely misses you.
The centaur hits you but does no damage.
The centaur kicks you.
* * * LOW HITPOINT WARNING * * *
You barely miss the centaur.
The centaur is almost dead.
The centaur closely misses you.
The centaur kicks you but does no damage.
The centaur hits you.
* * * LOW HITPOINT WARNING * * *
The centaur misses you.
You claw the centaur!
You kill the centaur!
Trog accepts your kill.
Your Unarmed Combat skill increases to level 9!
Unknown command.
Unknown command.
The troll attacks as it pursues you! The troll bites you!
You die... ▓▓▓▓▓▓▓▓▓▓▓▓▓▓▓▓▓▓▓▓▓▓▓ _____'.?).[.[..'@T)h..+ ▓▓▓▓▓▓▓▓▓▓▓▓▓▓▓▓▓▓▓▓▓▓▓

You could see a troll and a howler monkey.

Vanquished Creatures
  A shadow (D)
  A yak (D)
  A centaur (D)
  A kobold brigand (D)
  2 scorpions (D)
  2 iguanas (D)
  An orc (D)
  A hobgoblin (D)
  A ball python (D)
  A bat (D)
  A frilled lizard (D)
  A kobold (D)
14 creatures vanquished.

Notes
Turn   | Place    | Note
-------+----------+-------------------------------------------
     0 | D        | sircluck the Troll Berserker began the quest for the Orb.
     0 | D        | Reached XP level 1. HP: 22/22 MP: 0/0
    10 | D        | Reached ** piety under Trog
    37 | D        | Noticed an iguana
    37 | D        | Noticed a scorpion
    37 | D        | Noticed a scorpion
    37 | D        | Noticed an iguana
    55 | D        | Killed an iguana
    55 | D        | Reached *** piety under Trog
    56 | D        | Reached skill level 4 in Unarmed Combat
    56 | D        | Reached XP level 2. HP: 15/32 MP: 1/1
    56 | D        | Reached XP level 3. HP: 18/39 MP: 2/2
    62 | D        | Killed a scorpion
    63 | D        | Reached skill level 5 in Unarmed Combat
    63 | D        | Reached XP level 4. HP: 22/49 MP: 3/3
    71 | D        | Killed a scorpion
    72 | D        | Reached skill level 5 in Fighting
    72 | D        | Reached skill level 5 in Dodging
    72 | D        | Reached skill level 6 in Unarmed Combat
    72 | D        | Reached XP level 5. HP: 13/57 MP: 4/4
    75 | D        | Reached skill level 7 in Unarmed Combat
    90 | D        | Found a snail-covered altar of Cheibriados.
    90 | D        | Found a shadowy altar of Dithmenos.
    90 | D        | Found a white marble altar of Elyvilon.
    90 | D        | Found a blossoming altar of Fedhas.
    90 | D        | Found an opulent altar of Gozag.
    91 | D        | Found a hazy altar of Hepliaklqana.
    92 | D        | Found a viscous altar of Jiyva.
    93 | D        | Found an ancient bone altar of Kikubaaqudgha.
    94 | D        | Found a corrupted altar of Lugonu.
    95 | D        | Found a burning altar of Makhleb.
    96 | D        | Found a sparkling altar of Nemelex Xobeh.
    97 | D        | Found an iron altar of Okawaru.
    98 | D        | Found a stormy altar of Qazlal.
    99 | D        | Found a sacrificial altar of Ru.
   100 | D        | Found a shimmering blue altar of Sif Muna.
   101 | D        | Found a bloodstained altar of Trog.
   102 | D        | Found a hide-covered altar of Uskayaw.
   103 | D        | Found a radiant altar of Vehumet.
   104 | D        | Found an ornate altar of the Wu Jian Council.
   105 | D        | Found a shimmering altar of Xom.
   106 | D        | Found a basalt altar of Yredelemnul.
   107 | D        | Found a glowing silver altar of Zin.
   108 | D        | Found a glowing golden altar of the Shining One.
   140 | D        | Noticed a yak
   140 | D        | Noticed a shadow
   140 | D        | Noticed a centaur
   140 | D        | Noticed a troll
   146 | D        | Reached **** piety under Trog
   147 | D        | Reached skill level 1 in Armour
   149 | D        | Killed a yak
   150 | D        | Reached skill level 8 in Unarmed Combat
   150 | D        | Reached XP level 6. HP: 49/71 MP: 5/5
   158 | D        | Killed a shadow
   159 | D        | Reached XP level 7. HP: 12/78 MP: 6/6
   164 | D        | Reached skill level 9 in Unarmed Combat
   164 | D        | Mangled by a troll

Illustrated notes

Levels and vault maps discovered:
D:        linesprint [early_d, line_temple, items_1, d_10, items_2, lair_1,
          lair_end, items_3, orc_1, orc_end, items_4, d_15, swamp_1, shoals_1,
          snake_1, spider_1, d_20, vaults_1, items_5, swamp_end, shoals_end,
          snake_end, spider_end, vaults_end, d_27, items_6, zot_1, zot_end,
          crypt_end, forest_end, elf_end, slime_end, tomb_end, abyss_end,
          pan_hell_end]

Skill      XL: |  1  2  3  4  5  6  7 |
---------------+----------------------+-----
Fighting       | 3 4 5 7 |  7.6
Dodging        | 3 4 5 6 7 |  7.5
Unarmed Combat | 4 5 6 8 9 |  9.0
Armour         | 3 4 |  4.5

Action                     |  1- 3 |  4- 6 |  7- 9 || total
---------------------------+-------+-------+-------++-------
  Melee: Unarmed           |    36 |    26 |     4 ||    66
         Punch             |     1 |       |       ||     1
 Invoke: Berserk           |       |     1 |       ||     1
    Use: Potion            |       |     1 |       ||     1
 Armour: Animal skin       |    23 |    17 |     9 ||    49
  Dodge: Dodged            |     9 |    10 |     8 ||    27

Table legend: (Time is in decaauts)
 A = Elapsed time spent in this place.
 B = Non-inter-level travel time spent in this place.
 C = Inter-level travel time spent in this place.
 D = Time resting spent in this place.
 E = Time spent auto-exploring this place.
 F = Levels seen in this place.
 G = Mean time per level.
                   A        B        C        D        E       F      G
               +--------+--------+--------+--------+--------+-----+--------+
         Total |    160 |    160 |      0 |      0 |     15 |   1 |  160.0 |
       Dungeon |    160 |    160 |      0 |      0 |     15 |   1 |  160.0 |
               +--------+--------+--------+--------+--------+-----+--------+

Top non-repeatable levels by time:
       D: 160 daAuts
